 Dungeon Crawl Stone Soup version 0.29.1-2-gbd0b4ee654 (webtiles) character file.

Game seed: 14374143242007860475

15955 xian the Corrupter of Planes (level 12, -1/87 HPs)
             Began as a Demonspawn Abyssal Knight on Nov 13, 2022.
             Was the Champion of Lugonu.
             Hit by a silver javelin thrown by a minotaur (6 damage)
             ... in a Gauntlet.
             The game lasted 00:37:40 (14678 turns).

xian the Corrupter of Planes (DsAK)                Turns: 14678, Time: 00:37:40

Health: -1/87      AC: 13    Str: 19    XL:     12   Next: 5%
Magic:  20/20      EV: 11    Int:  9    God:    Lugonu [******]
Gold:   740        SH: 24    Dex: 14    Spells: 11/11 levels left

rFire   + . .      SeeInvis +   v - +7 Singing Sword {vorpal, sonic wave}
rCold   + . .      Faith    .   g - +2 kite shield
rNeg    + . .      Spirit   .   e - +2 ring mail {rC+}
rPois   .          Reflect  +   d - +0 helmet
rElec   +          Harm     .   H - +2 cloak {rF+}
rCorr   .          Rampage  .   (no gloves)
Will    .....      NoTele   +   p - +0 pair of boots
Stlth   ++........              l - amulet of reflection
HPRegen 0.24/turn               K - ring of Xeiruvuh {rElec rN+ Int-2 Stlth+}
MPRegen 0.34/turn               j - ring of see invisible

@: studying Axes
A: large bone plates 2, foul stench 2, magic regeneration, demonic touch 1
a: Renounce Religion, Depart the Abyss, Bend Space, Banish, Corrupt, Enter the
Abyss, Brand Weapon With Distortion


You were in a Gauntlet.
You worshipped Lugonu.
Lugonu was exalted by your worship.
You visited 1 branch of the dungeon, and saw 11 of its levels.
You visited the Abyss 1 time.
You also visited: Gauntlet.

You collected 1019 gold pieces.
You spent 279 gold pieces at shops.

Inventory:

Hand Weapons
 a - a +1 short sword
 v - the +7 Singing Sword (weapon) {vorpal, sonic wave}
   (You found it in a Gauntlet)

   It inflicts extra damage upon your enemies.
   It radiates damaging sonic waves as it strikes, especially in combat
   involving dangerous or numerous foes.
 w - the +7 spear of Nemelex Xobeh's Anger {protect, rPois rN+}
   (You found it on level 5 of the Dungeon)

   It grants its wielder temporary protection when it strikes (+7 to AC).
   rPois:     It protects you from poison.
   rN:        It protects you from negative energy.
Missiles
 o - 54 poisoned darts (quivered)
 z - 11 datura-tipped darts
Armour
 d - a +0 helmet (worn)
 e - a +2 ring mail of cold resistance (worn)
 g - a +2 kite shield (worn)
 p - a +0 pair of boots (worn)
 H - a +2 cloak of fire resistance (worn)
Jewellery
 i - an amulet of magic regeneration
 j - a ring of see invisible (right hand)
 l - an amulet of reflection (around neck)
 s - the ring "Jeonumah" {rC+ rCorr}
   (You found it on level 8 of the Dungeon)

   [ring of protection from cold]

   rC:        It protects you from cold.
   rCorr:     It protects you from acid and corrosion.
 y - a ring of magical power
 K - the ring of Xeiruvuh (left hand) {rElec rN+ Int-2 Stlth+}
   (You found it in a Gauntlet)

   [ring of positive energy]

   Int:       It affects your intelligence (-2).
   rElec:     It insulates you from electricity.
   rN:        It protects you from negative energy.
   Stlth:     It makes you more stealthy.
Wands
 h - a wand of polymorph (9)
 A - a wand of flame (26)
 F - a wand of roots (10)
Scrolls
 c - 5 scrolls of teleportation
 k - 3 scrolls of poison {unknown}
 n - a scroll of amnesia
 r - 3 scrolls of enchant armour
 x - a scroll of immolation
 B - 2 scrolls of blinking
 C - 2 scrolls of fog
 E - 3 scrolls of enchant weapon
 I - a scroll of summoning {unknown}
Potions
 b - 2 potions of brilliance {unknown}
 f - 3 potions of curing
 m - 2 potions of flight
 q - a potion of resistance
 u - 2 potions of attraction {unknown}
 D - 3 potions of lignification {unknown}
 G - 2 potions of might {unknown}
 J - a potion of invisibility {unknown}


   Skills:
 + Level 5.7 Fighting
 - Level 2.8 Short Blades
 * Level 10.2 Polearms
 + Level 3.1 Throwing
 + Level 5.0 Armour
 + Level 4.8 Dodging
 + Level 2.0 Stealth
 + Level 8.6 Shields
 * Level 11.7 Invocations


You had 11 spell levels left.
You didn't know any spells.
Your spell library contained the following spells:

 Spells                   Type           Power      Damage    Failure   Level
 Sandblast                Erth           0%         2d4       85%         1
 Shock                    Conj/Air       0%         1d3       85%         1
 Blink                    Tloc           0%         N/A       94%         2
 Dazzling Flash           Conj/Hex       0%         N/A       99%         3
 Ignite Poison            Fire/Tmut/Pois 0%         N/A       99%         3
 Stone Arrow              Conj/Erth      0%         3d7       99%         3
 Summon Guardian Golem    Hex/Summ       0%         N/A       99%         3
 Swiftness                Air            0%         N/A       99%         3
 Airstrike                Air            0%         2d(0-16)  100%        4
 Animate Dead             Necr           0%         N/A       100%        4
 Iskenderun's Mystic Bla  Conj/Tloc      0%         2d3       100%        4
 Summon Lightning Spire   Summ/Air       0%         N/A       100%        4
 Fireball                 Conj/Fire      0%         3d3       100%        5
 Iskenderun's Battlesphe  Conj           0%         2d6       100%        5
 Manifold Assault         Tloc           0%         N/A       100%        5
 Conjure Ball Lightning   Conj/Air       0%         3x3d6     100%        6
 Starburst                Conj/Fire      0%         6d3       100%        6
 Statue Form              Tmut/Erth      0%         N/A       100%        6
 Haunt                    Necr/Summ      0%         N/A       100%        7
 Orb of Destruction       Conj           0%         9d5       100%        7
 Spellforged Servitor     Conj/Summ      0%         N/A       100%        7
 Storm Form               Tmut/Air       0%         N/A       100%        7
 Infestation              Necr           0%         N/A       100%        8
 Fire Storm               Conj/Fire      0%         5d1       100%        9


Dungeon Overview and Level Annotations

Branches:
Dungeon (11/15)            Temple (0/1) D:4            Lair (0/5) D:8
    Orc (0/2) D:10        Gauntlet (1/1)

Altars:
Ashenzari
Ru
Vehumet
Wu Jian
Xom
Yredelemnul

Shops:
D:8 *   D:9 :   D:10 [(

Annotations:
Gauntlet 6 transporters, exclusion: lightning spire


Innate Abilities, Weirdness & Mutations

You are mostly covered in large bone plates. (SH +6)
You sometimes emit foul miasma when damaged in melee.
You regenerate magic rapidly.
Your touch may inflict minor irresistible damage on your foes.


Message History

The minotaur barely misses you.
You feel much better.
The minotaur is engulfed in dark miasma.
The minotaur looks as sick as possible!
The minotaur seems to slow down.
The minotaur hits you with the +3 executioner's axe of the Endless Realms {protect, Str+2}!!
* * * LOW HITPOINT WARNING * * *
The minotaur gores you but does no damage.
You feel much better.
The minotaur is engulfed in dark miasma.
The minotaur looks as sick as possible!
You block the minotaur's attack. The minotaur gores you.
Blink to where?
Press: ? - help, Dir - move target, p - minotaur
As you read the scroll of blinking, it crumbles to dust.
You are too injured to fight recklessly!
Throw: 56 darts (poison)
Press: ? - help, Q - select action, (/) - cycle Shift-Dir - straight line, f - minotaur
Aim: a minotaur, wielding the +3 executioner's axe of the Endless Realms {protect, Str+2}, wearing a +0 chain mail, wearing the amulet of Vitality {RegenMP++ Regen++} and quivering silver javelins (foul pestilence, moderately wounded, extremely poisoned, slow, 72% to hit)
You throw a poisoned dart. The poisoned dart hits the minotaur.
The minotaur looks as sick as possible!
The minotaur is moderately wounded.
The minotaur is engulfed in dark miasma.
The minotaur looks as sick as possible!
Throw: 55 darts (poison)
Press: ? - help, Q - select action, (/) - cycle Shift-Dir - straight line, f/p - minotaur
Aim: a minotaur, wielding the +3 executioner's axe of the Endless Realms {protect, Str+2}, wearing a +0 chain mail, wearing the amulet of Vitality {RegenMP++ Regen++} and quivering silver javelins (translocational energy, heavily wounded, extremely poisoned, slow, 72% to hit)
You throw a poisoned dart.
The poisoned dart closely misses the minotaur.
The minotaur is no longer moving slowly.
The minotaur throws a silver javelin.
The silver javelin pierces through you. The silver sears you!
The minotaur throws a silver javelin.
The silver javelin pierces through you!!
* * * LOW HITPOINT WARNING * * *
The silver sears you!
* * * LOW HITPOINT WARNING * * *
You start resting.
A minotaur is nearby!
The minotaur throws a silver javelin.
The silver javelin pierces through you.
You die...

#H#(### #.#.#...#.....#.
#.# #.#.#.©.#.....## #.#
#.#.....#..∩.... #.#
#.#.#.©.#.....## #.#
#.#.#...#.....#. #.#
#.#.#.©.#.....#) #.####
..#.#...#.♣P..##
#..H.######.#.♣.#...P.#©
####...@....#...##..♣.##
##########.♣.###...#.
#...##≈...#.
#####≈≈.P.## ##≈.♣...
##.P.## ##≈...#t
#≈≈...## ##≈.♣.##


You could see a minotaur (very poisoned).

Vanquished Creatures
  2 two-headed ogres
  A centaur warrior (D:11)
  A soul eater (Gauntlet)
  Lodul (D:10)
  A necromancer (Gauntlet)
  A cyclops (D:9)
  An unseen horror (D:10)
  2 komodo dragons (D:10)
  4 trolls
  A slime creature (shapeshifter) (D:10)
  A tyrant leech (Gauntlet)
  A hornet (D:10)
  A vampire (D:8)
  A wyvern (D:8)
  12 yaks
  A basilisk (D:8)
  4 steam dragons
  3 swamp worms (Gauntlet)
  2 acid dragons (D:10)
  Duvessa (D:4)
  A water moccasin (D:7)
  5 orc warriors
  2 black bears
  A sky beast (D:8)
  7 ogres
  2 centaurs (D:10)
  5 wolves (Gauntlet)
  6 kobold brigands
  5 bullfrogs
  5 gnoll sergeants
  2 necrophages (D:6)
  5 scorpions
  20 wights
  Dowan (D:4)
  6 killer bees
  3 howler monkeys
  An electric eel (D:9)
  4 hounds
  3 jellies
  5 orc priests
  2 gnoll boudas
  2 iguanas
  17 orc wizards
  22 gnolls
  10 adders
  3 shadow imps (Gauntlet)
  4 white imps
  An ufetubus (D:4)
  A dart slug (D:5)
  36 orcs
  8 endoplasms
  3 giant cockroaches
  10 goblins
  10 hobgoblins
  8 jackals (D:1)
  56 kobolds
  5 quokkas
  11 ball pythons
  3 bats
  3 frilled lizards
  3 rats
349 creatures vanquished.

Vanquished Creatures (others)
  7 fungi (D:5)
  A withered plant (Gauntlet)
8 creatures vanquished.

Grand Total: 357 creatures vanquished

Notes
Turn   | Place    | Note
-------+----------+-------------------------------------------
     0 | Abyss:1  | xian the Demonspawn Abyssal Knight began the quest for the
                  | Orb.
     0 | Abyss:1  | Reached XP level 1. HP: 18/18 MP: 2/2
     2 | Abyss:1  | Found a blossoming altar of Fedhas.
    86 | Abyss:1  | Noticed a quasit
    88 | Abyss:1  | Noticed a wretched star
    89 | D:1      | Escaped the Abyss
   766 | D:1      | Reached skill level 1 in Dodging
   766 | D:1      | Gained mutation: You are partially covered in large bone
                  | plates. (SH +4) [demonic ancestry]
   766 | D:1      | Reached XP level 2. HP: 10/24 MP: 3/3
  1001 | D:1      | Found a faded altar of an unknown god.
  1220 | D:1      | Reached ** piety under Lugonu
  1760 | D:1      | Reached XP level 3. HP: 26/29 MP: 4/4
  3099 | D:2      | Reached skill level 3 in Invocations
  3099 | D:2      | Gained mutation: Your touch may inflict minor irresistible
                  | damage on your foes. [demonic ancestry]
  3099 | D:2      | Reached XP level 4. HP: 30/35 MP: 6/6
  3147 | D:2      | Found a shimmering altar of Xom.
  3419 | D:3      | Found an ornate altar of the Wu Jian Council.
  3419 | D:3      | Found a basalt altar of Yredelemnul.
  3626 | D:3      | You fall into a shaft and drop 1 floor!
  3638 | D:4      | Reached skill level 1 in Shields
  3663 | D:4      | Reached XP level 5. HP: 30/41 MP: 7/7
  3696 | D:4      | Noticed Dowan
  3714 | D:5      | Entered Level 5 of the Dungeon
  3950 | D:5      | Reached *** piety under Lugonu
  3958 | D:5      | Reached skill level 1 in Throwing
  4143 | D:5      | Reached skill level 4 in Invocations
  4143 | D:5      | Gained mutation: You may rarely emit foul miasma when
                  | damaged in melee. [demonic ancestry]
  4143 | D:5      | Reached XP level 6. HP: 46/47 MP: 7/9
  4531 | D:5      | Identified the +7 spear of Nemelex Xobeh's Anger {protect,
                  | rPois rN+}
  4580 | D:5      | Found a broken altar of Ashenzari.
  4929 | D:5      | Reached skill level 1 in Polearms
  4929 | D:5      | Gained mutation: You sometimes emit foul miasma when
                  | damaged in melee. [demonic ancestry]
  4929 | D:5      | Reached XP level 7. HP: 53/53 MP: 10/10
  4953 | D:5      | Reached skill level 5 in Invocations
  5334 | D:5      | Noticed a steam dragon
  5335 | D:5      | Noticed a steam dragon
  5356 | D:5      | Killed a steam dragon
  5361 | D:5      | Killed a steam dragon
  5675 | D:4      | Noticed Duvessa
  5684 | D:4      | Killed Dowan
  5693 | D:4      | Killed Duvessa
  5707 | D:4      | Reached XP level 8. HP: 59/60 MP: 12/12
  5731 | D:4      | Found a radiant altar of Vehumet.
  5809 | D:4      | Reached skill level 6 in Invocations
  5961 | D:4      | Reached skill level 1 in Stealth
  6075 | D:4      | Found a staircase to the Ecumenical Temple.
  6510 | D:3      | Got the Folio of Charred Conduction
  6802 | D:3      | Reached **** piety under Lugonu
  7718 | D:6      | Reached skill level 7 in Invocations
  7917 | D:6      | Reached XP level 9. HP: 66/66 MP: 14/14
  7929 | D:6      | Reached skill level 5 in Polearms
  8039 | D:6      | Found a sacrificial altar of Ru.
  8387 | D:7      | Reached skill level 5 in Shields
  8675 | D:7      | Reached ***** piety under Lugonu
  9281 | D:8      | Reached skill level 8 in Invocations
  9297 | D:8      | Found a staircase to the Lair.
  9684 | D:8      | Gained mutation: You are mostly covered in large bone
                  | plates. (SH +6) [demonic ancestry]
  9684 | D:8      | Reached XP level 10. HP: 73/73 MP: 16/16
  9862 | D:8      | Noticed a two-headed ogre
  9878 | D:8      | Killed a two-headed ogre
 10027 | D:8      | Found Lyngote's Fire Supplies.
 10033 | D:8      | Bought a +2 cloak of fire resistance for 279 gold pieces
 10050 | D:8      | Identified the ring "Jeonumah" {rC+ rCorr}
 10104 | D:8      | Reached skill level 9 in Invocations
 10531 | D:9      | Found Plog's Book Shop.
 10573 | D:9      | Reached skill level 5 in Fighting
 11121 | D:9      | Reached skill level 10 in Invocations
 11298 | D:9      | Got the Almanac of the Mind
 11478 | D:9      | Gained mutation: You regenerate magic rapidly. [demonic
                  | ancestry]
 11478 | D:9      | Reached XP level 11. HP: 80/80 MP: 18/18
 11778 | D:10     | Entered Level 10 of the Dungeon
 11857 | D:10     | Noticed a red ugly thing
 11879 | D:10     | Banished a red ugly thing
 12354 | D:10     | Found Qougo's Weapon Shoppe.
 12354 | D:10     | Found a staircase to the Orcish Mines.
 12354 | D:10     | Found Leuruats's Armour Shoppe.
 12664 | D:10     | Noticed a two-headed ogre
 12676 | D:10     | Killed a two-headed ogre
 12677 | D:10     | Reached skill level 11 in Invocations
 12949 | D:10     | Noticed Lodul
 12989 | D:10     | Killed Lodul
 12990 | D:10     | Reached skill level 5 in Armour
 13389 | D:11     | Noticed a centaur warrior
 13399 | D:11     | Killed a centaur warrior
 13427 | D:11     | Found a gate leading to a gauntlet.
 13436 | Gauntlet | Entered a Gauntlet
 13436 | Gauntlet | Found a transporter.
 13444 | Gauntlet | Found a transporter.
 13444 | Gauntlet | Noticed a necromancer
 13446 | Gauntlet | Found a transporter.
 13455 | Gauntlet | Noticed a soul eater
 13457 | Gauntlet | Found a transporter.
 13460 | Gauntlet | Found a transporter.
 13462 | Gauntlet | Noticed a fire crab
 13469 | Gauntlet | Found a transporter.
 13484 | Gauntlet | Found a runed translucent gate.
 13485 | Gauntlet | Found a transporter.
 13485 | Gauntlet | Found a runed translucent gate.
 13486 | Gauntlet | Found a runed translucent gate.
 13487 | Gauntlet | Found the +7 Singing Sword {vorpal, sonic wave}
 13495 | Gauntlet | Found a transporter.
 13500 | Gauntlet | Found a transporter.
 13500 | Gauntlet | Found a transporter.
 13510 | Gauntlet | Found a transporter.
 13511 | Gauntlet | Noticed a necromancer
 13601 | Gauntlet | Killed a necromancer
 13602 | Gauntlet | Reached skill level 10 in Polearms
 13807 | Gauntlet | Found a transporter.
 13907 | Gauntlet | Killed a soul eater
 13908 | Gauntlet | Reached XP level 12. HP: 58/85 MP: 20/20
 13919 | Gauntlet | Reached ****** piety under Lugonu
 14439 | Gauntlet | Identified the ring of Xeiruvuh {rElec rN+ Int-2 Stlth+}
 14638 | Gauntlet | Identified the +3 executioner's axe of the Endless Realms
                  | {protect, Str+2}
 14638 | Gauntlet | Noticed a minotaur
 14667 | Gauntlet | HP: 3/87 [minotaur/silver javelin (7)]
 14678 | Gauntlet | Hit by a silver javelin thrown by a minotaur

Illustrated notes

Levels and vault maps discovered:
D:1:      wander_arrival_chamber, layout_basic,
          hellmonk_ecumenical_altar_pennies_from_heaven, minmay_cut_off
D:2:      layout_basic, basic_altar
D:3:      minmay_goblin_kobold_castle, layout_rooms,
          nicolae_overflow_two_pavilions, wad_orctagon
D:4:      layout_rooms, grunt_temple_overflow_open, temple_hall_moat,
          uniq_duvessa
D:5:      kennysheep_steamy, layout_layer_cave, mainiacjoe_overflow_brackets
D:6:      layout_cave_pools, hangedman_ru_absence, serial_gnoll_camp,
          gnoll_camp_mini_sergeant, gnoll_camp_mini_house, gnoll_camp_mini_hut,
          gnoll_camp_mini_hut, gnoll_camp_mini_hut, hangedman_decor_lopped
D:7:      layout_basic
D:8:      layout_loops_corners, david_lair_generic, nicolae_shop_fire_sale
          [nicolae_sub_dead_trees]
D:9:      minmay_flawed_box, layout_basic, serial_shops, shop, lightli_minifort
D:10:     hangedman_cross_stitches, layout_small_grid, orc_david_3,
          minmay_joined_circles, uniq_lodul
D:11:     layout_roguey, gauntlet_entry_generic, lemuel_flamethrower_hall
Gauntlet: minmay_gauntlet_77_tree [minmay_gauntlet_arena_77_two_paths,
          minmay_gauntlet_arena_77_box, minmay_gauntlet_arena_77_braids,
          minmay_gauntlet_arena_77_terracotta_army,
          minmay_gauntlet_arena_77_broken_ladder,
          minmay_gauntlet_arena_77_run_for_it, minmay_gauntlet_arena_77_fan,
          dreamdust_gauntlet_exit_labyrinth]

Skill      XL: |  1  2  3  4  5  6  7  8  9 10 11 |
---------------+----------------------------------+-----
Dodging        | 1 2 3 4 |  4.8
Armour         | 2 3 4 5 |  5.0
Short Blades   | 2 |  2.8
Invocations    | 3 4 5 7 8 10 11 | 11.7
Shields        | 1 2 3 4 5 7 8 |  8.6
Throwing       | 1 2 3 |  3.1
Polearms       | 1 2 4 7 8 10 | 10.2
Fighting       | 4 5 |  5.7
Stealth        | 1 2 |  2.0

Action                   |  1- 3 |  4- 6 |  7- 9 | 10-12 || total
-------------------------+-------+-------+-------+-------++-------
Melee: Short sword       |   205 |   136 |       |       ||   341
       Punch             |     2 |       |       |       ||     2
       Spear             |       |    31 |   505 |   799 ||  1335
       Double sword      |       |       |       |     2 ||     2
Throw: Dart              |       |    38 |    27 |    50 ||   115
Invok: Depart the Abyss  |     1 |       |       |       ||     1
       Banish            |       |       |       |     1 ||     1
  Use: Potion            |       |       |     3 |     4 ||     7
       Scroll            |       |       |     9 |     5 ||    14
 Stab: Sleeping          |       |       |     4 |       ||     4
       Confused          |       |       |       |     1 ||     1
Armor: Leather armour    |     7 |       |       |       ||     7
       Ring mail         |    45 |    38 |   113 |   178 ||   374
       Steam dragon scal |       |       |     3 |       ||     3
Dodge: Dodged            |    78 |    35 |    98 |   143 ||   354
Block: Other             |     8 |       |       |       ||     8
       Kite shield       |    86 |   182 |   537 |   749 ||  1554
       Reflection        |       |     3 |    21 |    20 ||    44
